 Dungeon Crawl Stone Soup version 0.30-a0-339-g89bb51ec76 (webtiles) character file.

Game seed: 6982684865418484786

49 sanka the Caller (level 3, -1/26 HPs)
             Began as a Demigod Summoner on Oct 31, 2022.
             Slain by a gnoll
             ... wielding a +0 whip
              (7 damage)
             ... on level 2 of the Dungeon.
             The game lasted 00:01:53 (599 turns).

sanka the Caller (Demigod Summoner)                  Turns: 599, Time: 00:01:54

Health: -1/26      AC:  2    Str:  9    XL:     3   Next: 33%
Magic:  4/8        EV: 12    Int: 21    God:
Gold:   15         SH:  0    Dex: 14    Spells: 3/6 levels left

rFire   . . .      SeeInvis .    e - +0 hand axe
rCold   . . .      Faith    .    (no shield)
rNeg    . . .      Spirit   .    a - +0 robe
rPois   .          Reflect  .    (no helmet)
rElec   .          Harm     .    (no cloak)
rCorr   .          Rampage  .    (no gloves)
Will    .....                    (no boots)
Stlth   ++........               (no amulet)
HPRegen 0.24/turn                (no ring)
MPRegen 0.11/turn                (no ring)

@: no status effects
A: high MP 1, forlorn, divine attributes
a: no special abilities


You were on level 2 of the Dungeon.
You visited 1 branch of the dungeon, and saw 2 of its levels.

You collected 15 gold pieces.


Innate Abilities, Weirdness & Mutations

You have an increased reservoir of magic. (+10% MP)
You shall have no god before yourself.
Your divine heritage dramatically boosts your attributes as you level up.


   Skills:
 - Level 1.7 Dodging
 - Level 1.7 Stealth
 - Level 2.0 Spellcasting
 + Level 4.7 Summonings


You had 3 spell levels left.
You knew the following spells:

 Your Spells              Type           Power      Damage    Failure   Level
x - Call Imp              Summ           22%        N/A       3%          2
z - Summon Small Mammal   Summ           88%        N/A       1%          1

Your spell library contained the following spells:

 Spells                   Type           Power      Damage    Failure   Level
 Call Canine Familiar     Summ           22%        N/A       6%          3
 Summon Guardian Golem    Hex/Summ       12%        N/A       17%         3
 Summon Lightning Spire   Summ/Air       12%        N/A       50%         4

Inventory:

Hand Weapons
 e - a +0 hand axe (weapon)
Armour
 a - a +0 robe (worn)
Scrolls
 f - a scroll of identify {unknown}
Potions
 b - a potion of magic
 c - a potion of mutation {unknown}
 d - 2 potions of heal wounds {unknown}
 g - a potion of haste {unknown}
 h - a potion of degeneration {unknown}

Dungeon Overview and Level Annotations

Branches:
Dungeon (2/15)

▒▒. ▒>▒▒ ..<
▒▒..▒▒▒▒▒..▒▒...▒
...........▒.....
▒................
...........▒.....
...........▒gJ...
..5...†<.b..)....
....))).g..▒....
.....[...p.▒ ▒
.▒▒.▒▒▒▒▒▒......▒
▒ ..▒▒▒.▒ ▒.▒ .▒
▒▒


You could see a gnoll (ally target), an endoplasm, a goblin, a friendly crimson
imp (summoned) and a friendly bat (summoned).


Message History

Your bat hits the gnoll. The gnoll hits your rat with a +0 whip.
Your rat dies!
Your crimson imp hits the gnoll.
Unknown command.
The goblin shouts!
Your bat hits the gnoll but does no damage.
Your crimson imp barely misses the gnoll.
The endoplasm quivers.
You hit the gnoll.
The gnoll is moderately wounded.
A bat comes into view.
Your bat completely misses the gnoll.
Your crimson imp barely misses the gnoll.
The gnoll hits you with a +0 whip.
* * * LOW HITPOINT WARNING * * *
The bat moves out of view.
Unknown command.
Unknown command.
You barely miss the gnoll.
The gnoll is moderately wounded.
Your bat barely misses the gnoll.
The gnoll closely misses you.
Your bat hits the gnoll but does no damage.
The gnoll barely misses you.
Unknown command.
Unknown command.
The gnoll attacks as you move away! The gnoll hits you with a +0 whip!
You die...

Action                   || total
-------------------------++-------
Melee: Hand axe          ||    13
 Cast: Summon Small Mamm ||    22
       Call Imp          ||     1
 Stab: Sleeping          ||     1
Armor: Robe              ||     3
Dodge: Dodged            ||    12

Levels and vault maps discovered:
D:1:      nzn_arrival_settlement, layout_rooms, minmay_misc_feat_square
D:2:      layout_rooms, basic_altar

Notes
Turn   | Place    | Note
-------+----------+-------------------------------------------
     0 | D:1      | sanka the Demigod Summoner began the quest for the Orb.
     0 | D:1      | Reached XP level 1. HP: 14/14 MP: 5/5
    36 | D:1      | Reached skill level 2 in Spellcasting
   136 | D:1      | Reached skill level 4 in Summonings
   172 | D:1      | Reached XP level 2. HP: 20/20 MP: 4/7
   175 | D:1      | Learned a level 2 spell: Call Imp
   590 | D:2      | Reached XP level 3. HP: 20/26 MP: 4/8
   599 | D:2      | Slain by a gnoll

Vanquished Creatures
  A gnoll (D:2)
  An adder (D:2)
  2 hobgoblins (D:1)
  A kobold (D:1)
  A frilled lizard (D:1)
6 creatures vanquished.

Vanquished Creatures (collateral kills)
  A gnoll (D:2)
  A dart slug (D:1)
  5 bats
  3 goblins (D:1)
  3 frilled lizards (D:1)
  A kobold (D:2)
14 creatures vanquished.

Grand Total: 20 creatures vanquished
